 Dungeon Crawl Stone Soup version 0.29-a0-993-g4a18f31a58 (webtiles) character file.

Game seed: 4664576750695958686

95 xian the Magician (level 4, -7/32 HPs)
             Began as a Demonspawn Hedge Wizard on Aug 2, 2022.
             Killed from afar by a white imp (9 damage)
             ... with a puff of frost
             ... summoned by the player character
             ... on level 3 of the Dungeon.
             The game lasted 00:10:15 (3845 turns).

xian the Magician (Demonspawn Hedge Wizard)         Turns: 3845, Time: 00:10:15

Health: -7/32      AC:  2    Str: 13    XL:     4   Next: 40%
Magic:  1/9        EV: 12    Int: 15    God:
Gold:   192        SH:  0    Dex: 12    Spells: 4/10 levels left

rFire   . . .      SeeInvis +   o - +2 dagger (protect)
rCold   . . .      Faith    .   (no shield)
rNeg    . . .      Spirit   .   b - +0 robe
rPois   .          Reflect  .   c - +0 hat
rElec   .          Harm     .   (no cloak)
rCorr   .          Rampage  .   (no gloves)
Will    .....                   (no boots)
Stlth   ++........              (no amulet)
HPRegen 0.10/turn               e - ring of see invisible
MPRegen 0.11/turn               (no ring)

@: no status effects
A: hooves 2
a: no special abilities


You were on level 3 of the Dungeon.
You visited 1 branch of the dungeon, and saw 3 of its levels.

You collected 192 gold pieces.

Inventory:

Hand Weapons
 o - a +2 dagger of protection (weapon)
Missiles
 i - 3 javelins
Armour
 b - a +0 robe (worn)
 c - a +0 hat (worn)
Jewellery
 e - a ring of see invisible (left hand)
Scrolls
 a - a scroll of immolation {unknown}
 j - a scroll of fear {unknown}
 l - 3 scrolls of teleportation
 m - a scroll of amnesia {unknown}
 p - a scroll of poison {unknown}
Potions
 d - a potion of magic
 f - 2 potions of berserk rage {unknown}
 g - a potion of heal wounds {unknown}
 h - a potion of attraction {unknown}
 k - 2 potions of lignification {unknown}
 n - a potion of flight {unknown}


   Skills:
 * Level 1.5 Fighting
 + Level 0.6 Short Blades
 + Level 0.1 Throwing
 + Level 2.1 Dodging
 + Level 1.9 Stealth
 + Level 3.9 Spellcasting
 + Level 1.5 Conjurations
 + Level 1.2 Summonings
 + Level 0.8 Translocations


You had 4 spell levels left.
You knew the following spells:

 Your Spells              Type           Power      Damage    Failure   Level
a - Magic Dart            Conj           28%        1d4       10%         1
b - Slow                  Hex            8%         N/A       19%         1
c - Call Imp              Summ           6%         N/A       17%         2
d - Blink                 Tloc           10%        N/A       19%         2

Your spell library contained the following spells:

 Spells                   Type           Power      Damage    Failure   Level
 Summon Small Mammal      Summ           24%        N/A       11%         1
 Call Canine Familiar     Summ           6%         N/A       32%         3
 Conjure Flame            Conj/Fire      5%         6-21      36%         3
 Summon Guardian Golem    Hex/Summ       4%         N/A       38%         3
 Mephitic Cloud           Conj/Pois/Air  4%         N/A       41%         3


Dungeon Overview and Level Annotations

Branches:
Dungeon (3/15)

Altars:
Wu Jian

Annotations:
D:3 Ijyb


Innate Abilities, Weirdness & Mutations

You have hoof-like feet.


Message History

Found a hand axe.
Found a stone staircase leading up.
There is a stone staircase leading up here.
Ijyb the Twisted Goblin comes into view.
She is wielding a +7 club and carrying a wand of charming (3).
Found a stone staircase leading down.
The magic dart hits Ijyb but does no damage.
Ijyb shouts!
The magic dart hits Ijyb but does no damage.
A giant cockroach comes into view.
The magic dart hits Ijyb but does no damage.
The magic dart hits Ijyb but does no damage.
You miscast Magic Dart.
You are very lightly contaminated with residual magic.
Nothing appears to happen.
The magic dart hits Ijyb but does no damage.
Ijyb screams, "No!
No, no, no, no!"
Ijyb hits you with a +7 club!
The magic dart hits Ijyb but does no damage.
Ijyb barely misses you.
Casting: Magic Dart (safe; 10% risk of failure)
Confirm with . or Enter, or press ? or * to list all spells.
A beastly little devil appears in a puff of frigid air.
Ijyb hits you with a +7 club.
You swap places.
Ijyb attacks as you move away! Ijyb hits you with a +7 club.
* * * LOW HITPOINT WARNING * * *
Ijyb barely misses your white imp.
Your white imp gestures at Ijyb.
The puff of frost hits Ijyb!
Ijyb barely misses your white imp.
Your white imp hits Ijyb but does no damage.
Your magical contamination has completely faded away.
You hear a zap.
Your white imp is charmed!
Your white imp gestures at you.
The puff of frost hits you!
* * * LOW HITPOINT WARNING * * *
Unknown command.
Your white imp gestures at you.
The puff of frost hits you!
You die...

###. #.# ##.#....≈§≈...
#.###<###..≈§.≈≈.. . #
#.##.###....).....
....#.###........##.....#.
#...Bg..##.######.......
###.###5###.## ##.######
>. #.# ##.###.## ..# #.#
##...## .# #@# #####
#.....# #.#.### #. . .# #.
.


You could see a white imp (hexed, summoned).

Vanquished Creatures
  A gnoll (D:1)
  An adder (D:3)
  A worm (D:3)
  2 dart slugs (D:1)
  6 ball pythons
  4 endoplasms
  3 hobgoblins
  9 jackals (D:1)
  10 kobolds
  A quokka (D:2)
  8 bats
  3 frilled lizards
  6 goblins
  4 rats
  A spectral kobold (D:1)
60 creatures vanquished.

Vanquished Creatures (collateral kills)
  A worm (D:3)
  A giant cockroach (D:1)
  2 jackals (D:1)
4 creatures vanquished.

Vanquished Creatures (others)
  A plant (D:1)
1 creature vanquished.

Grand Total: 65 creatures vanquished

Notes
Turn   | Place    | Note
-------+----------+-------------------------------------------
     0 | D:1      | xian the Demonspawn Hedge Wizard began the quest for the
                  | Orb.
     0 | D:1      | Reached XP level 1. HP: 13/13 MP: 4/4
   163 | D:1      | Found a faded altar of an unknown god.
   519 | D:1      | Gained mutation: You have large cloven feet. [demonic
                  | ancestry]
   519 | D:1      | Reached XP level 2. HP: 20/20 MP: 1/6
   818 | D:1      | Reached skill level 1 in Fighting
  1067 | D:1      | Gained mutation: You have hoof-like feet. [demonic
                  | ancestry]
  1067 | D:1      | Reached XP level 3. HP: 9/26 MP: 0/8
  1303 | D:1      | Learned a level 1 spell: Slow
  1306 | D:1      | Learned a level 2 spell: Call Imp
  1309 | D:1      | Learned a level 2 spell: Blink
  2871 | D:2      | Reached XP level 4. HP: 32/32 MP: 6/9
  3782 | D:3      | Found an ornate altar of the Wu Jian Council.
  3831 | D:3      | Noticed Ijyb
  3845 | D:3      | Killed from afar by a white imp

Illustrated notes

Levels and vault maps discovered:
D:1:      scummos_arrival_forest, layout_basic, serial_forest,
          infiniplex_forest_join, infiniplex_forest_straight_2,
          infiniplex_forest_lined_2, infiniplex_forest_clump_small,
          dreamdust_ecumenical_altar_drowned_temple
D:2:      layout_basic
D:3:      layout_loops_cross, mainiacjoe_overflow_small_starburst,
          dreamdust_princess_bridge, roderic_lattice_a, uniq_crazy_yiuf_cottage,
          uniq_ijyb

Skill      XL: |  1  2 |
---------------+-------+-----
Fighting       | 1 |  1.5
Dodging        | 2 |  2.1
Short Blades   | |  0.6
Throwing       | |  0.1
Stealth        | |  1.9
Spellcasting   | |  3.9
Conjurations   | |  1.5
Summonings     | |  1.2
Translocations | |  0.8

Action                   |  1- 3 |  4- 6 || total
-------------------------+-------+-------++-------
Melee: Dagger            |    40 |       ||    40
       Kick              |    10 |     3 ||    13
       Punch             |     1 |       ||     1
       Whip              |    13 |    10 ||    23
Throw: Javelin           |     3 |       ||     3
 Cast: Magic Dart        |    80 |    38 ||   118
       Call Imp          |     2 |     4 ||     6
  Use: Scroll            |     1 |       ||     1
Armor: Robe              |    10 |     2 ||    12
Dodge: Dodged            |    53 |    16 ||    69

Table legend: (Time is in decaauts)
 A = Elapsed time spent in this place.
 B = Non-inter-level travel time spent in this place.
 C = Inter-level travel time spent in this place.
 D = Time resting spent in this place.
 E = Time spent auto-exploring this place.
 F = Levels seen in this place.
 G = Mean time per level.
                   A        B        C        D        E       F      G
               +--------+--------+--------+--------+--------+-----+--------+
         Total |   3857 |   3783 |     74 |    211 |   3074 |   3 | 1285.7 |
       Dungeon |   3857 |   3783 |     74 |    211 |   3074 |   3 | 1285.7 |
               +--------+--------+--------+--------+--------+-----+--------+

Top non-repeatable levels by time:
     D:1: 1867 daAuts
     D:2: 1128 daAuts
     D:3: 861 daAuts
